[Event "Titled Tuesday Blitz May 2 Late 2023"]
[White "Bryant, Todd"]
[Black "Ambartsumova, Karina"]
[WhiteFideId "2031299"]
[BlackFideId "4166299"]
[WhiteElo "2075"]
[BlackElo "2240"]
[Result "0-1"]
[Round "04"]
[TimeControl "180+2"]
[Date "2023.05.02"]
[WhiteClock "0:00:13"]
[BlackClock "0:00:44"]

1. e4 c5 2. Nf3 Nc6 3. d4 cxd4 4. Nxd4 Qb6 5. Nb3 Nf6 6. Nc3 e6 7. Qe2 Bb4 8. Bd2 a5 9. a4 O-O 10. g4 d5 11. g5 Bxc3 12. Bxc3 Nxe4 13. Bg2 Nxc3 14. bxc3 Qc7 15. O-O Qf4 16. Qh5 g6 17. Qh6 f6 18. h4 fxg5 19. hxg5 Rf5 20. Qh2 Qxh2+ 21. Kxh2 Rxg5 22. f4 Rh5+ 23. Kg3 Ne7 24. Bf3 Nf5+ 25. Kf2 Rh2+ 26. Bg2 Bd7 27. Rh1 Rxh1 28. Rxh1 Rf8 29. Kf3 Bxa4 30. Nd4 Nxd4+ 31. cxd4 Bxc2 32. Rc1 Be4+ 33. Kg3 Bxg2 34. Kxg2 Ra8 0-1


[Site "https://www.chess.com"]

[Event "Titled Tuesday Blitz May 2 Late 2023"]
[White "Grinev, Valeriy"]
[Black "Van Dael, Siem"]
[WhiteFideId "14117517"]
[BlackFideId "1049771"]
[WhiteElo "2366"]
[BlackElo "2336"]
[Result "0-1"]
[Round "04"]
[TimeControl "180+2"]
[Date "2023.05.02"]
[WhiteClock "0:01:32"]
[BlackClock "0:00:11"]

1. e4 c5 2. Nc3 d6 3. Bb5+ Bd7 4. a4 a6 5. Bxd7+ Nxd7 6. Nge2 g6 7. O-O Bg7 8. d4 cxd4 9. Nxd4 Ngf6 10. Be3 O-O 11. f3 Ne5 12. Qe2 Rc8 13. Rab1 Nc4 14. Bf2 Nd7 15. Nd5 e6 16. Nb4 Qa5 17. Nd3 Qc7 18. c3 Nce5 19. Kh1 Nxd3 20. Qxd3 Ne5 21. Qe2 Qc4 22. Qd1 Qd3 23. Qb3 Qc4 24. Qxc4 Nxc4 25. Bg3 Nd2 26. Bxd6 Rfd8 27. Be7 Rd7 28. Ba3 Nxf1 29. Rxf1 Bxd4 30. cxd4 Rxd4 31. a5 Rdc4 32. b3 Rc3 33. h4 Rxb3 34. Bd6 Rbc3 35. Rf2 Rc2 36. Rxc2 Rxc2 37. Kh2 Ra2 38. Bc7 h5 39. Kg3 Kf8 40. Kf4 Rxg2 41. Bd6+ Ke8 42. Ke5 Rf2 43. f4 Kd7 44. Bc5 Re2 45. Bb6 f5 46. Kf6 Rxe4 47. Kxg6 Rxf4 48. Kxh5 Rg4 49. Be3 Rg2 50. Bf4 Kc6 51. Bg5 e5 52. Kg6 f4 53. h5 f3 54. h6 Rh2 55. h7 f2 56. Bh6 Rxh6+ 57. Kxh6 f1=Q 58. h8=Q Qh3+ 59. Kg7 Qxh8+ 60. Kxh8 e4 61. Kg7 e3 62. Kg6 e2 63. Kf5 e1=Q 64. Kf6 Qxa5 0-1


[Site "https://www.chess.com"]

[Event "Titled Tuesday Blitz May 2 Late 2023"]
[White "Ezat, Mohamed"]
[Black "Lopez Del Alamo, Antonio"]
[WhiteFideId "10600906"]
[BlackFideId "2227339"]
[WhiteElo "2386"]
[BlackElo "2175"]
[Result "1/2-1/2"]
[Round "04"]
[TimeControl "180+2"]
[Date "2023.05.02"]
[WhiteClock "0:00:56"]
[BlackClock "0:00:09"]

1. e4 c5 2. d4 cxd4 3. c3 d3 4. Bxd3 Nc6 5. Nf3 g6 6. O-O Bg7 7. Re1 d6 8. h3 Nf6 9. Na3 O-O 10. Nc4 b5 11. Ne3 Rb8 12. Nd5 e6 13. Nxf6+ Bxf6 14. Bh6 Re8 15. Qd2 b4 16. c4 a5 17. Rad1 Qb6 18. Bc2 Rd8 19. Qf4 Be7 20. Bb3 Qc5 21. Ng5 Ne5 22. Kh1 f6 23. Nf3 Nf7 24. Qh4 g5 25. Qh5 Bd7 26. Bc2 Be8 27. Nd4 Qe5 28. f4 Qxf4 29. Nxe6 Qf2 30. Re2 Qg3 31. Ng7 d5 32. Nxe8 Rxe8 33. exd5 Bd6 34. Rxe8+ Rxe8 35. Bxh7+ Kxh7 36. Qxf7+ Kxh6 37. Qxf6+ Kh7 38. Qf7+ Kh6 39. Qf6+ Kh7 40. Qf7+ Kh6 41. Qf6+ 1/2-1/2


[Site "https://www.chess.com"]

[Event "Titled Tuesday Blitz May 2 Late 2023"]
[White "Manon-og, Ramon Jr."]
[Black "Haydon, David L"]
[WhiteFideId "5200776"]
[BlackFideId "415405"]
[WhiteElo "1999"]
[BlackElo "2326"]
[Result "0-1"]
[Round "04"]
[TimeControl "180+2"]
[Date "2023.05.02"]
[WhiteClock "0:00:01"]
[BlackClock "0:01:39"]

1. d4 c6 2. Bf4 d5 3. e3 Nf6 4. Be2 Bf5 5. Nd2 e6 6. Ngf3 h6 7. h3 Bd6 8. Bxd6 Qa5 9. O-O Qd8 10. Bg3 O-O 11. c4 Re8 12. cxd5 exd5 13. Ne5 Qb6 14. Qb3 Nbd7 15. Nxd7 Bxd7 16. Qxb6 axb6 17. Nf3 Ne4 18. Bc7 b5 19. Bd3 f6 20. a3 Re7 21. b3 Bxh3 22. gxh3 Rxc7 23. a4 b4 24. a5 Nc3 25. a6 b5 26. Rfc1 Rca7 0-1


[Site "https://www.chess.com"]

[Event "Titled Tuesday Blitz May 2 Late 2023"]
[White "Ozdemir, Serhan Berat"]
[Black "Bogaudinov, Rushan"]
[WhiteFideId "6374611"]
[BlackFideId "4129288"]
[WhiteElo "2015"]
[BlackElo "1967"]
[Result "1-0"]
[Round "04"]
[TimeControl "180+2"]
[Date "2023.05.02"]
[WhiteClock "0:00:28"]
[BlackClock "0:00:02"]

1. e4 c5 2. Nf3 Nc6 3. Bb5 Qb6 4. Nc3 e6 5. O-O a6 6. Bxc6 Qxc6 7. d4 cxd4 8. Qxd4 d6 9. Rd1 b5 10. Bf4 Bb7 11. Bxd6 Bxd6 12. Qxd6 Qxd6 13. Rxd6 Nf6 14. e5 Nd7 15. Re1 Ke7 16. Ne4 Bxe4 17. Rxe4 Nxe5 18. Nxe5 Kxd6 19. Nxf7+ Kd5 20. Re5+ Kd4 21. c3+ Kd3 22. Nxh8 Rxh8 23. Rxe6 Ra8 24. f4 Kc2 25. Re2+ Kb1 26. a3 h5 27. Kf2 a5 28. Kg3 Rf8 29. Rf2 Rf5 30. Kh4 Ka2 31. h3 Kb3 32. g4 hxg4 33. hxg4 Rd5 34. f5 Kc4 35. g5 Kd3 36. f6 gxf6 37. gxf6 Ke3 38. f7 Kxf2 39. f8=Q+ Ke3 40. Kg4 Kd3 41. Qf1+ Kd2 42. Qg2+ Kc1 43. Qxd5 Kxb2 44. Qxb5+ 1-0


[Site "https://www.chess.com"]

[Event "Titled Tuesday Blitz May 2 Late 2023"]
[White "Kula, Robert"]
[Black "Karttunen, Mika"]
[WhiteFideId "1101218"]
[BlackFideId "502081"]
[WhiteElo "2180"]
[BlackElo "2396"]
[Result "0-1"]
[Round "04"]
[TimeControl "180+2"]
[Date "2023.05.02"]
[WhiteClock "0:00:01"]
[BlackClock "0:00:10"]

1. d4 Nf6 2. c4 e6 3. Nf3 d5 4. Nc3 Bb4 5. e3 O-O 6. Bd2 Nc6 7. c5 Bxc3 8. Bxc3 Ne4 9. Bd3 f5 10. O-O Bd7 11. Qc2 Be8 12. b4 Bh5 13. Nd2 Rf6 14. b5 Ne7 15. f3 Nxc3 16. Qxc3 Rh6 17. a4 Ng6 18. f4 Nh8 19. Rf2 g5 20. a5 Nf7 21. a6 b6 22. cxb6 cxb6 23. Rc1 gxf4 24. exf4 Nd6 25. Qc7 Be8 26. Qxd8 Rxd8 27. Rc7 Rd7 28. Rc1 Rd8 29. Rc7 Ra8 30. Nf3 Bxb5 31. Bxb5 Nxb5 32. Rd7 Rg6 33. Rb2 Na3 34. Ng5 h6 35. Nf7 Nc4 36. Re2 Rf8 37. Nd8 Re8 38. Nc6 Rg7 39. Rxg7+ Kxg7 40. Nxa7 Ra8 41. Nb5 Rxa6 42. Rxe6 Ra1+ 43. Kf2 Ra2+ 44. Kg3 Rb2 45. Nc7 b5 46. Nxd5 b4 47. Re7+ Kf8 48. Rb7 b3 49. Kh3 Rb1 50. Nc3 Rb2 51. Na4 Ra2 52. Nc3 Ra3 53. Nb1 Ra4 54. Rxb3 Nd6 55. Rd3 Ne4 56. Nd2 Nf2+ 57. Kg3 Nxd3 58. Kf3 Rxd4 59. Ke3 Rd8 60. Nc4 Nc5 61. Ne5 Ra8 62. Kd4 Ne6+ 63. Kd5 Nxf4+ 64. Kd4 Nxg2 65. Kd3 Kg7 66. h4 Nxh4 67. Kd4 Ng6 68. Nd7 f4 69. Ke4 Rd8 70. Nc5 Re8+ 71. Kf3 Re3+ 72. Kg4 Kf6 73. Nd7+ Ke7 74. Nb6 Rg3+ 75. Kf5 f3 76. Nd5+ Kd6 77. Nc3 Rg5+ 78. Kf6 Kc6 79. Ne4 Rg1 80. Kf5 Nh4+ 81. Kf4 Rg8 0-1


[Site "https://www.chess.com"]

[Event "Titled Tuesday Blitz May 2 Late 2023"]
[White "Arnold, Ken"]
[Black "Dushyant Sharma"]
[WhiteFideId "2056836"]
[BlackFideId "25065130"]
[WhiteElo "2355"]
[BlackElo "2198"]
[Result "0-1"]
[Round "04"]
[TimeControl "180+2"]
[Date "2023.05.02"]
[WhiteClock "0:00:55"]
[BlackClock "0:01:04"]

1. d4 Nf6 2. c4 e6 3. Nf3 d5 4. cxd5 exd5 5. Nc3 Bb4 6. Bd2 O-O 7. e3 c5 8. a3 Bxc3 9. Bxc3 c4 10. Be2 Nc6 11. O-O Ne4 12. Rc1 Nxc3 13. Rxc3 Be6 14. Ne5 Nxe5 15. dxe5 b5 16. Qd4 a5 17. f4 b4 18. Rc2 Bf5 19. Rd2 Be4 20. Bf3 Bxf3 21. Rxf3 Qe7 22. axb4 axb4 23. Rg3 g6 24. h3 Rfc8 25. Kh2 Ra2 26. f5 c3 27. bxc3 Rxd2 28. Qxd2 bxc3 29. Qxd5 c2 30. fxg6 hxg6 31. Rxg6+ Kf8 32. Rh6 c1=Q 33. Qe4 Qc2 34. Qf4 Rc6 0-1


[Site "https://www.chess.com"]

[Event "Titled Tuesday Blitz May 2 Late 2023"]
[White "Jaskolka, Tomasz"]
[Black "Guzman Moneo, Alberto"]
[WhiteFideId "1170791"]
[BlackFideId "2209616"]
[WhiteElo "2155"]
[BlackElo "2157"]
[Result "0-1"]
[Round "04"]
[TimeControl "180+2"]
[Date "2023.05.02"]
[WhiteClock "0:00:38"]
[BlackClock "0:00:14"]

1. d4 Nf6 2. Nc3 d5 3. Bf4 c6 4. e3 Bf5 5. Nf3 Nbd7 6. Ne5 e6 7. g4 Bg6 8. h4 h6 9. Nxg6 fxg6 10. Bd3 Kf7 11. Qf3 Bb4 12. Ke2 Ke7 13. g5 Nh5 14. Bxg6 Nxf4+ 15. Qxf4 Rf8 16. Qg3 Bd6 17. Qg4 e5 18. gxh6 gxh6 19. h5 Qb6 20. Qh4+ Rf6 21. Rab1 Rf8 22. Rhg1 Kd8 23. Rg2 Kc7 24. Nd1 Qa6+ 25. Bd3 Qxa2 26. Nc3 Qa5 27. Rf1 e4 28. Bxe4 dxe4 29. Nxe4 Qb5+ 30. Ke1 Qxb2 31. Nxf6 Nxf6 32. Kd2 Bb4+ 33. Kd3 Qc3+ 34. Ke2 Qd2+ 35. Kf3 Nd5+ 36. Kg3 Nxe3 37. fxe3 Qxe3+ 38. Kh2 Rxf1 39. Qg3+ Qxg3+ 40. Kxg3 Bd6+ 41. Kg4 Rf4+ 42. Kh3 Rxd4 43. Rg7+ Kb6 44. Rg6 Bf4 45. Kg4 Bg5+ 46. Kf5 Rc4 47. Ke6 Rxc2 48. Kd6 a5 49. Rg8 a4 50. Ra8 Rc4 51. Ke5 Kb5 52. Ra7 b6 53. Kd6 c5 54. Kd5 Rb4 55. Rf7 Rd4+ 56. Ke5 a3 57. Rf2 Ra4 58. Ra2 Kb4 59. Kd5 Kb3 60. Ra1 Kb2 61. Rd1 a2 62. Kc6 a1=Q 63. Rd7 Ra6 64. Kb7 Ra7+ 65. Kc6 Rxd7 66. Kxb6 Qh1 67. Kb5 Qxh5 68. Kc4 Rd4+ 69. Kb5 Rf4 70. Ka5 Qf7 71. Kb5 Qf5 72. Kc6 Kc3 73. Kd6 Kd4 74. Kc6 Qd5+ 75. Kb5 Rf1 76. Ka4 Qg2 77. Kb3 Rb1+ 78. Ka4 Qa2# 0-1


[Site "https://www.chess.com"]

[Event "Titled Tuesday Blitz May 2 Late 2023"]
[White "Santos Flores, Alberto"]
[Black "Napoli, Nicolo"]
[WhiteFideId "3601234"]
[BlackFideId "813702"]
[WhiteElo "2235"]
[BlackElo "2308"]
[Result "1-0"]
[Round "04"]
[TimeControl "180+2"]
[Date "2023.05.02"]
[WhiteClock "0:01:52"]
[BlackClock "0:00:53"]

1. e4 c5 2. Nf3 d6 3. Bb5+ Nd7 4. d4 a6 5. Bxd7+ Qxd7 6. Nc3 cxd4 7. Qxd4 Nf6 8. Bg5 b5 9. O-O-O e5 10. Qd3 Bb7 11. Bxf6 gxf6 12. Nd5 Bxd5 13. Qxd5 Rc8 14. Kb1 Qe6 15. Nh4 Qxd5 16. Rxd5 Rg8 17. g3 Kd7 18. Nf5 Ke6 19. Rhd1 Rc6 20. f3 h5 21. a4 bxa4 22. Ra5 Be7 23. Rxa4 Rgc8 24. c3 Rb6 25. Kc2 Rc5 26. Rda1 Rcb5 27. b4 Bf8 28. Rxa6 d5 29. Rxb6+ Rxb6 30. Ra8 dxe4 31. fxe4 1-0


[Site "https://www.chess.com"]

[Event "Titled Tuesday Blitz May 2 Late 2023"]
[White "Gertler, David"]
[Black "Erzhanov, Arman"]
[WhiteFideId "2017377"]
[BlackFideId "4138821"]
[WhiteElo "2218"]
[BlackElo "2138"]
[Result "0-1"]
[Round "04"]
[TimeControl "180+2"]
[Date "2023.05.02"]
[WhiteClock "0:00:32"]
[BlackClock "0:01:24"]

1. e4 d6 2. Nc3 Nf6 3. f4 d5 4. e5 d4 5. exf6 dxc3 6. fxg7 cxd2+ 7. Bxd2 Bxg7 8. Qf3 Bxb2 9. Rd1 Qd6 10. Bc3 Bxc3+ 11. Qxc3 Qe6+ 12. Be2 O-O 13. Nf3 Nc6 14. Kf2 Qf6 15. Qe3 Bf5 16. Rd2 Rfd8 17. g4 Rxd2 18. Qxd2 Be4 19. Qe3 Bxf3 20. Bxf3 Rd8 21. Rb1 b6 22. Rb5 Nd4 23. Rg5+ Kh8 24. Be4 Ne6 25. Rf5 Qh4+ 0-1


[Site "https://www.chess.com"]

[Event "Titled Tuesday Blitz May 2 Late 2023"]
[White "Ardila, Oscar Humberto"]
[Black "Liu, Eric"]
[WhiteFideId "4404742"]
[BlackFideId "30960240"]
[WhiteElo "1918"]
[BlackElo "2094"]
[Result "1/2-1/2"]
[Round "04"]
[TimeControl "180+2"]
[Date "2023.05.02"]
[WhiteClock "0:00:20"]
[BlackClock "0:00:02"]

1. d4 b6 2. Nf3 Bb7 3. e3 e6 4. Be2 Be7 5. O-O h5 6. c4 h4 7. h3 Nf6 8. Nc3 d5 9. b3 Nbd7 10. Bb2 c5 11. Rc1 Rc8 12. cxd5 exd5 13. Qc2 Ne4 14. Rfd1 O-O 15. Qb1 Ndf6 16. dxc5 bxc5 17. Bd3 Nxc3 18. Bxc3 Bd6 19. Nxh4 Re8 20. Nf5 Bf8 21. Qb2 Ba8 22. Bxf6 Qxf6 23. Qxf6 gxf6 24. Bb5 Re5 25. Ng3 Rb8 26. Be2 a5 27. Bf3 a4 28. Rc3 Rb4 29. bxa4 Rxa4 30. a3 c4 31. Ra1 Bb4 32. Rc2 Re6 33. Rd1 Rxa3 34. Bxd5 Rd6 35. e4 c3 36. Nf5 Rxd5 37. exd5 Ra7 38. Kf1 Rd7 39. Ne3 Bb7 40. Ke2 Ba6+ 41. Kf3 Kf8 42. Rb1 Bc5 43. Ke4 Re7+ 44. Kf3 Bd3 45. Rb8+ Kg7 46. Rxc3 Be4+ 47. Ke2 Bd6 48. Rb4 Bxb4 49. Rc4 Bd6 50. f3 Bg6 51. Rg4 f5 52. Rd4 f4 53. Rd3 Rxe3+ 54. Rxe3 fxe3 55. Kxe3 Kf6 56. g4 Bc5+ 57. Kf4 Bd6+ 58. Ke3 Ke5 59. f4+ Kxd5 60. Kf3 f5 61. Kg3 Ke4 62. gxf5 Kxf5 63. Kf3 Bxf4 64. Kg2 Bh5 65. Kh1 Ke4 66. Kg2 Ke3 67. Kg1 Kf3 68. Kh1 Kg3 69. Kg1 Kxh3 70. Kh1 Bg3 71. Kg1 Be2 72. Kh1 Bb8 73. Kg1 Ba6 74. Kf2 Kg4 75. Ke3 Kf5 76. Kd4 Ke6 77. Kc5 Kd7 78. Kd4 Kd6 79. Ke4 Ba7 80. Kf5 Bd3+ 81. Kf4 Bd4 82. Kf3 Ke5 83. Kg4 Be3 84. Kf3 Bf4 85. Kg4 Be2+ 86. Kh3 Ke4 87. Kg2 Bg4 88. Kf1 Bg3 89. Kg2 Kf4 90. Kf1 Kf3 91. Kg1 Bh3 92. Kh1 Bf2 93. Kh2 Bd7 94. Kh1 Bg3 95. Kg1 Bb5 96. Kh1 Kg4 97. Kg2 Kh4 98. Kf3 Kh3 99. Ke4 Kg4 100. Kd5 Kf5 101. Kc5 Be8 102. Kd5 Bf7+ 103. Kd4 Be5+ 104. Ke3 Bd5 105. Kf2 Bf4 106. Ke2 Bc4+ 107. Kf2 Bd2 108. Kf3 Bd3 109. Kf2 Kg4 110. Kg2 Be3 111. Kh2 Bf2 112. Kg2 Bh4 113. Kh2 Be4 114. Kg1 Kf3 115. Kf1 Bd3+ 116. Kg1 Bf2+ 117. Kh2 Be4 118. Kh3 Bf5+ 119. Kh2 Bg4 1/2-1/2


[Site "https://www.chess.com"]

[Event "Titled Tuesday Blitz May 2 Late 2023"]
[White "Manukian, Artak"]
[Black "Rodriguez Santiago, Jaime"]
[WhiteFideId "13301373"]
[BlackFideId "3100898"]
[WhiteElo "2130"]
[BlackElo "2025"]
[Result "1-0"]
[Round "04"]
[TimeControl "180+2"]
[Date "2023.05.02"]
[WhiteClock "0:01:28"]
[BlackClock "0:00:47"]

1. e4 c6 2. d4 d5 3. e5 Bf5 4. c4 e6 5. Nc3 Nd7 6. Nf3 h6 7. Qb3 b6 8. cxd5 cxd5 9. Be3 Ne7 10. Nb5 Nc6 11. Rc1 Rc8 12. Be2 Bb4+ 13. Kf1 Be7 14. h3 O-O 15. Qa4 a5 16. Kg1 Nb4 17. Kh2 Bc2 18. b3 Bd3 19. Bxd3 Nxd3 20. Rxc8 Qxc8 21. Nd6 Bxd6 22. exd6 Nb4 23. Rc1 Qb8 24. Qxd7 Rd8 25. Qc7 Qa8 26. d7 Nxa2 27. Qxd8+ 1-0


[Site "https://www.chess.com"]

[Event "Titled Tuesday Blitz May 2 Late 2023"]
[White "Shapiro, Viktor"]
[Black "Tsyhanchuk, Stanislav"]
[WhiteFideId "4175700"]
[BlackFideId "13505130"]
[WhiteElo "2152"]
[BlackElo "2173"]
[Result "1-0"]
[Round "04"]
[TimeControl "180+2"]
[Date "2023.05.02"]
[WhiteClock "0:00:28"]
[BlackClock "0:00:12"]

1. c4 c5 2. Nc3 Nc6 3. g3 g6 4. Bg2 Bg7 5. Nf3 e6 6. d3 Nge7 7. O-O O-O 8. Bg5 h6 9. Bd2 Kh7 10. a3 d5 11. cxd5 exd5 12. Rc1 b6 13. h4 Bg4 14. Qa4 Qd7 15. Rfe1 a6 16. b4 b5 17. Qb3 c4 18. Qb1 d4 19. Ne4 c3 20. Bf4 Nd5 21. Bd6 Rfe8 22. Bc5 Nf6 23. Nxf6+ Bxf6 24. e3 dxe3 25. Rxe3 Rxe3 26. Bxe3 Rd8 27. d4 Bxf3 28. Bxf3 Nxd4 29. Bxd4 Qxd4 30. h5 Qc4 31. hxg6+ fxg6 32. Be4 Bg5 33. Bxg6+ Kg7 34. Re1 Rd2 35. Qf5 Qd5 36. Qc8 Kxg6 37. Re6+ Kg7 38. Qc7+ Qd7 39. Qxc3+ Kf7 40. Rc6 Rd1+ 41. Kh2 Qd5 42. Rc7+ Kg6 43. Rc6+ Bf6 44. Qc2+ Kf7 45. Rc7+ Be7 46. Qh7+ Kf6 47. Qxe7+ Kf5 48. Qf7+ Qxf7 49. Rxf7+ Ke6 50. Ra7 Rd6 51. Kg2 Kd5 52. Kf3 Kc4 53. Ke4 Kb3 54. f4 Kxa3 55. f5 Kxb4 56. Ke5 Rc6 57. f6 Rc1 58. f7 Rf1 59. Ke6 a5 60. Ke7 a4 61. Ra6 Rxf7+ 62. Kxf7 Kb3 63. Kg6 a3 64. Kxh6 a2 65. g4 Kb2 66. g5 a1=Q 67. Rxa1 Kxa1 68. g6 b4 69. g7 b3 70. g8=Q b2 71. Qa8+ Kb1 72. Kg5 Kc1 73. Qc6+ Kd2 74. Qd5+ Kc3 75. Qc5+ Kb3 76. Qb5+ Ka2 77. Qa4+ Kb1 78. Kf4 1-0


[Site "https://www.chess.com"]

[Event "Titled Tuesday Blitz May 2 Late 2023"]
[White "Petrovic, Aleksa"]
[Black "Jodorcovsky Werjivker, Paulo"]
[WhiteFideId "967629"]
[BlackFideId "3700305"]
[WhiteElo "2309"]
[BlackElo "2120"]
[Result "1-0"]
[Round "04"]
[TimeControl "180+2"]
[Date "2023.05.02"]
[WhiteClock "0:00:02"]
[BlackClock "0:00:05"]

1. e4 e5 2. Nf3 Nc6 3. Bc4 Nf6 4. d4 exd4 5. O-O Nxe4 6. Nc3 Nxc3 7. bxc3 Be7 8. cxd4 d5 9. Bd3 O-O 10. c3 Bg4 11. h3 Bh5 12. Rb1 Rb8 13. Re1 Bg6 14. Bf4 Bd6 15. Bg5 Qd7 16. Ne5 Bxe5 17. dxe5 Bxd3 18. Qxd3 h6 19. Bc1 Rfe8 20. f4 Ne7 21. g4 c5 22. f5 Nc6 23. Bf4 Rbd8 24. Rbd1 b6 25. h4 Na5 26. g5 h5 27. Qe2 Qxf5 28. Bg3 Qg4 29. Qxg4 hxg4 30. Kg2 Nc4 31. Bf4 Re6 32. Kg3 g6 33. Kxg4 Kg7 34. h5 gxh5+ 35. Kxh5 Rh8+ 36. Kg4 Nb2 37. Rd2 Nc4 38. Rh2 Rxh2 39. Bxh2 Nd2 40. Bf4 Ne4 41. Re3 Nf2+ 42. Kg3 d4 43. cxd4 cxd4 44. Re2 Nd3 45. Rd2 Nxf4 46. Kxf4 Rc6 47. Rxd4 Rc2 48. a4 Ra2 49. Kf5 Rf2+ 50. Ke4 Kg6 51. Rd7 Kxg5 52. Rxa7 Rf4+ 53. Kd5 Rf5 54. Kd6 Kf4 55. Ra6 Rxe5 56. Rxb6 Ra5 57. Rb4+ Kg5 58. Kc6 f5 59. Kb6 Ra8 60. a5 f4 61. a6 Kg4 62. Kb7 Rh8 63. Rc4 Rh1 64. a7 Rb1+ 65. Kc6 Ra1 66. Kb6 Rb1+ 67. Ka5 1-0


[Site "https://www.chess.com"]

[Event "Titled Tuesday Blitz May 2 Late 2023"]
[White "Marczuk, Dominik"]
[Black "Van den Dikkenberg, Erik"]
[WhiteFideId "1111264"]
[BlackFideId "1005880"]
[WhiteElo "2174"]
[BlackElo "2118"]
[Result "1-0"]
[Round "04"]
[TimeControl "180+2"]
[Date "2023.05.02"]
[WhiteClock "0:01:29"]
[BlackClock "0:00:27"]

1. e4 c5 2. Nf3 d6 3. d4 cxd4 4. Nxd4 Nf6 5. Nc3 a6 6. f3 g6 7. Be3 Bg7 8. Qd2 h5 9. O-O-O Nbd7 10. Kb1 Qc7 11. Nd5 Nxd5 12. exd5 Ne5 13. Be2 Bd7 14. Rhe1 Rc8 15. b3 b5 16. h3 f5 17. f4 Nf7 18. Bf3 Qc3 19. Qxc3 Rxc3 20. Nc6 Bf6 21. Bd2 Rc5 22. Bb4 Bc3 23. Bxc5 Bxe1 24. Rxe1 dxc5 25. Rxe7+ 1-0


[Site "https://www.chess.com"]

[Event "Titled Tuesday Blitz May 2 Late 2023"]
[White "Ladan, Nicholas"]
[Black "Rose, Felix"]
[WhiteFideId "30918855"]
[BlackFideId "5105722"]
[WhiteElo "2167"]
[BlackElo "2039"]
[Result "1-0"]
[Round "04"]
[TimeControl "180+2"]
[Date "2023.05.02"]
[WhiteClock "0:01:08"]
[BlackClock "0:00:01"]

1. d4 d5 2. Bf4 Nf6 3. e3 e6 4. Nf3 Bd6 5. Nbd2 O-O 6. Bd3 c5 7. c3 b6 8. Ne5 Bb7 9. O-O Nc6 10. a4 Qc7 11. Ndf3 Ne4 12. Nxc6 Bxf4 13. exf4 Bxc6 14. Bxe4 dxe4 15. Ne5 cxd4 16. Qxd4 Rfd8 17. Qc4 Rac8 18. Rfd1 Rd5 19. Nxc6 Qxc6 20. Qxc6 Rxc6 21. Rxd5 exd5 22. Rd1 Rc5 23. b4 Rxc3 24. f3 exf3 25. Rxd5 g6 26. Rd7 a5 27. bxa5 bxa5 28. Ra7 Rc1+ 29. Kf2 fxg2 30. Kxg2 Rc5 31. Kf3 Kg7 32. Kg4 h5+ 33. Kf3 Kf6 34. Ra6+ Kf5 35. Ra7 f6 36. Ra6 Rc3+ 37. Kg2 Kxf4 38. Rxf6+ Kg4 39. Rxg6+ Kf5 40. Ra6 Rc5 41. Kg3 Kg5 42. Rb6 Rc3+ 43. Kg2 1-0


[Site "https://www.chess.com"]

[Event "Titled Tuesday Blitz May 2 Late 2023"]
[White "Stanisz, Patryk"]
[Black "Bilan, Danila"]
[WhiteFideId "1123106"]
[BlackFideId "24161918"]
[WhiteElo "2069"]
[BlackElo "2182"]
[Result "0-1"]
[Round "04"]
[TimeControl "180+2"]
[Date "2023.05.02"]
[WhiteClock "0:00:03"]
[BlackClock "0:00:18"]

1. d4 d5 2. c4 c6 3. Nf3 Nf6 4. Nc3 e6 5. e3 Nbd7 6. Qc2 Bd6 7. g4 h6 8. Rg1 dxc4 9. Bxc4 Nd5 10. Bd2 Qc7 11. h4 b6 12. a3 Bb7 13. O-O-O Nxc3 14. Bxc3 c5 15. Be2 cxd4 16. Nxd4 Bh2 17. Nxe6 fxe6 18. Qg6+ Kd8 19. Qxg7 Re8 20. Bb5 Bd5 21. e4 Qf4+ 22. Kb1 Qxe4+ 23. Ka1 Re7 24. Qh8+ Kc7 25. Qxh6 Bxg1 26. Rxg1 a6 27. Rc1 Kb7 28. Bf1 Nc5 0-1


[Site "https://www.chess.com"]

[Event "Titled Tuesday Blitz May 2 Late 2023"]
[White "Panico, Nick"]
[Black "Gurevich, Dmitry"]
[WhiteFideId "2026724"]
[BlackFideId "2000407"]
[WhiteElo "1982"]
[BlackElo "2506"]
[Result "0-1"]
[Round "04"]
[TimeControl "180+2"]
[Date "2023.05.02"]
[WhiteClock "0:00:29"]
[BlackClock "0:00:21"]

1. f4 d5 2. Nf3 g6 3. e3 Bg7 4. Be2 c5 5. O-O Nc6 6. d3 Nf6 7. Nc3 d4 8. Ne4 Nd5 9. exd4 cxd4 10. Bd2 O-O 11. c4 Ne3 12. Bxe3 dxe3 13. Qc1 Qc7 14. Qxe3 Bxb2 15. Rab1 Bg7 16. Kh1 Rd8 17. Rbd1 Nd4 18. Nxd4 Bxd4 19. Qf3 Bd7 20. h4 h5 21. g4 Bxg4 22. Qg2 Qd7 23. Ng5 Bxe2 24. Qxe2 Qg4 25. Qxg4 hxg4 26. Kg2 f5 27. Ne6 Rd6 28. Ng5 Bf6 29. Rfe1 Rad8 30. Re3 Rb6 31. Rd2 Rb1 32. Ne6 Rd6 33. c5 Rd5 34. d4 Rb4 35. Red3 Kf7 36. Ng5+ Ke8 37. Ne6 Kd7 38. Nf8+ Kc6 39. Nxg6 Ra4 40. Ne5+ Kc7 41. h5 Rd8 42. Kg3 Rh8 43. Rh2 Rb4 44. Ng6 Rh6 45. Nf8 Kc6 46. Ne6 Kd5 47. Nc7+ Ke4 48. Rd1 Bxd4 49. Re2+ Be3 50. Rxe3+ Kxe3 51. Nd5+ Ke2 52. Nxb4 Kxd1 53. Kh4 Rxh5+ 54. Kxh5 g3 55. Nd5 Ke2 56. Kh4 g2 57. Nc3+ Kf1 58. Kg5 g1=Q+ 59. Kxf5 Qd4 60. Ne4 Qd5+ 0-1


[Site "https://www.chess.com"]

[Event "Titled Tuesday Blitz May 2 Late 2023"]
[White "Kovalevsky, Stanislav"]
[Black "Uddin, Mubassar"]
[WhiteFideId "13508598"]
[BlackFideId "2093944"]
[WhiteElo "2174"]
[BlackElo "2051"]
[Result "0-1"]
[Round "04"]
[TimeControl "180+2"]
[Date "2023.05.02"]
[WhiteClock "0:00:48"]
[BlackClock "0:00:21"]

1. c4 e6 2. e4 d5 3. exd5 exd5 4. cxd5 Nf6 5. Nc3 Nxd5 6. Bc4 Be6 7. Qb3 Nb4 8. Bxe6 Nd3+ 9. Kf1 fxe6 10. Qxe6+ Be7 11. Nf3 Rf8 12. b3 Nc6 13. Ba3 Nf4 14. Qe4 Qd7 15. Bxe7 Nxe7 16. Qxb7 Rd8 17. Re1 Qd3+ 18. Kg1 Qg6 19. Ne5 Nh3+ 20. Kf1 Rxf2# 0-1


[Site "https://www.chess.com"]

[Event "Titled Tuesday Blitz May 2 Late 2023"]
[White "Sanhueza, Cristian"]
[Black "Ferro, Mario"]
[WhiteFideId "116815"]
[BlackFideId "810290"]
[WhiteElo "2219"]
[BlackElo "2217"]
[Result "1-0"]
[Round "04"]
[TimeControl "180+2"]
[Date "2023.05.02"]
[WhiteClock "0:01:29"]
[BlackClock "0:01:31"]

1. e4 b6 2. d4 Bb7 3. Nc3 e6 4. Bd3 Nf6 5. Qe2 Bb4 6. Bd2 d5 7. e5 Bxc3 8. Bxc3 Ne4 9. Qg4 O-O 10. Nh3 h6 11. Nf4 c5 12. h4 1-0


[Site "https://www.chess.com"]

[Event "Titled Tuesday Blitz May 2 Late 2023"]
[White "Lopez Perdomo, Juan David"]
[Black "Seletsky, Grigory"]
[WhiteFideId "4405137"]
[BlackFideId "14112191"]
[WhiteElo "1965"]
[BlackElo "2490"]
[Result "1-0"]
[Round "04"]
[TimeControl "180+2"]
[Date "2023.05.02"]
[WhiteClock "0:00:32"]
[BlackClock "0:00:34"]

1. e4 c5 2. d4 cxd4 3. c3 d3 4. Nf3 Nc6 5. Bxd3 g6 6. Bg5 Bg7 7. O-O d6 8. Nbd2 Nf6 9. Qe2 Nd7 10. Nc4 O-O 11. Nxd6 Nde5 12. Nxc8 Qxd3 13. Qxd3 Nxd3 14. Nxe7+ Nxe7 15. Bxe7 Rfe8 16. Ba3 Rxe4 17. Rad1 Ne5 18. Nxe5 Rxe5 19. Rfe1 Rxe1+ 20. Rxe1 Rd8 21. Kf1 Bf8 22. Bxf8 Kxf8 23. Ke2 Re8+ 24. Kd2 Rd8+ 25. Kc2 Rd5 26. h3 h5 27. Re4 b6 28. c4 Rf5 29. f4 f6 30. g4 hxg4 31. hxg4 Rc5 32. b4 Rc8 33. a4 Kf7 34. Rd4 Ke6 35. Kd3 Rh8 36. Re4+ Kd6 37. Kd4 Rh1 38. c5+ bxc5+ 39. bxc5+ Kd7 40. Kd5 Rd1+ 41. Rd4 Rc1 42. Re4 Rd1+ 43. Kc4 Rg1 44. Rd4+ Ke7 45. c6 Ke6 46. Kc5 Rc1+ 47. Rc4 Rb1 48. Re4+ Kf7 49. c7 Rc1+ 50. Rc4 1-0


[Site "https://www.chess.com"]

[Event "Titled Tuesday Blitz May 2 Late 2023"]
[White "Broca Jimenez, Fernando"]
[Black "Ciolacu, Alessia-Mihaela"]
[WhiteFideId "5104742"]
[BlackFideId "1252640"]
[WhiteElo "2062"]
[BlackElo "1913"]
[Result "0-1"]
[Round "04"]
[TimeControl "180+2"]
[Date "2023.05.02"]
[WhiteClock "0:00:02"]
[BlackClock "0:01:04"]

1. e4 e6 2. d4 d5 3. exd5 exd5 4. Bd3 Bd6 5. Ne2 Nc6 6. c3 Nge7 7. O-O Bg4 8. f3 Bh5 9. Bf4 Bg6 10. Na3 a6 11. Re1 Kd7 12. Nc2 Kc8 13. b4 f6 14. a4 Bxd3 15. Qxd3 g5 16. Bxd6 Qxd6 17. b5 Na5 18. Ne3 h5 19. Ng3 h4 20. Ngf5 Nxf5 21. Nxf5 Qd8 22. Rab1 Re8 23. Kf2 Nc4 24. bxa6 Rxa6 25. Ng7 Re7 26. Qf5+ Kb8 27. Rxe7 Qxe7 28. Qd3 Qxg7 29. Re1 Rxa4 0-1


[Site "https://www.chess.com"]